 Dungeon Crawl Stone Soup version 0.24-a0-458-gfcb5e6da0e (webtiles) character file.

Game seed: 10788263014507502450

27 valeric the Stinger (level 2, -4/20 HPs)
             Began as a Draconian Venom Mage on June 27, 2019.
             Slain by a hobgoblin
             ... wielding a +0 club
             ... led by Robin
              (9 damage)
             ... on level 2 of the Dungeon.
             The game lasted 00:09:37 (912 turns).

valeric the Stinger (Draconian Venom Mage)           Turns: 912, Time: 00:09:38

Health: -4/20      AC:  4    Str: 10    XL:     2   Next: 93%
Magic:  2/5        EV: 12    Int: 15    God:
Gold:   52         SH:  0    Dex: 11    Spells: 5/6 levels left

rFire    . . .     SeeInvis .   d - +0 dagger
rCold    . . .     Gourm    .   (no shield)
rNeg     . . .     Faith    .   (armour unavailable)
rPois    .         Spirit   .   (helmet restricted)
rElec    .         Reflect  .   (no cloak)
rCorr    .         Harm     .   (no gloves)
MR       .....                  (no boots)
Stlth    ++........             (no amulet)
HPRegen  0.06/turn              (no ring)
MPRegen  0.09/turn              (no ring)

@: no status effects
A: unfitting armour, cold-blooded, AC +4
a: no special abilities


You were on level 2 of the Dungeon.
You were not hungry.

You visited 1 branch of the dungeon, and saw 2 of its levels.

You collected 52 gold pieces.

Inventory:

Hand Weapons
 d - a +0 dagger (weapon)
 g - a +0 hand axe
Armour
 h - a +0 helmet
Scrolls
 c - 3 scrolls of identify {unknown}
 e - 2 scrolls of remove curse {unknown}
 f - a scroll of amnesia {unknown}
Potions
 a - a potion of resistance {unknown}
Comestibles
 b - a ration


   Skills:
 + Level 1.8 Dodging
 + Level 1.9 Stealth
 * Level 2.7 Spellcasting
 - Level 1.0 Conjurations
 + Level 3.4 Poison Magic


You had 5 spell levels left.
You knew the following spells:

 Your Spells              Type           Power        Failure   Level  Hunger
a - Sting                 Conj/Pois      #...         9%          1    #......

Your spell library contained the following spells:

 Spells                   Type           Power        Failure   Level  Hunger
 Poisonous Vapours        Pois/Air       #.....       16%         2    ##.....
 Mephitic Cloud           Conj/Pois/Air  #.......     32%         3    ###....
 Olgreb's Toxic Radiance  Pois           ##......     45%         4    #####..
 Venom Bolt               Conj/Pois      #.........   92%         5    ######.


Dungeon Overview and Level Annotations

Branches:
Dungeon (2/15)

Altars:

Annotations:
D:2 Robin


Innate Abilities, Weirdness & Mutations

Your plain brown scales are hard. (AC +4)
You cannot fit into any form of body armour.
You are cold-blooded and may be slowed by cold attacks.


Message History

The goblin misses you. The goblin hits you with a +0 dagger.
* * * LOW HITPOINT WARNING * * *
A frilled lizard comes into view.
The hobgoblin no longer looks unusually strong.
The hobgoblin barely misses you. Robin throws the goblin at you!
The goblin hits you.
* * * LOW HITPOINT WARNING * * *
The goblin hits you but does no damage.
Found 3 scrolls labeled RUSOZX UFRUZAR.
A hobgoblin comes into view. It is wielding a +0 club.
The hobgoblin shouts!
Robin roars a battlecry!
The hobgoblin goes into a battle-frenzy!
The goblin wields a +0 hunting sling.
The goblin shoots a stone.
The stone barely misses you.
The hobgoblin moves out of view.
You kill the goblin!
The goblin unwields a +0 hunting sling.
The goblin wields a +0 club.
The goblin closely misses you. The hobgoblin hits you with a +0 club!
You die...

#..#.............
#..#..#..#..#.#..#
..................
........#>#........
#....(..#..........
#.......#.#..#.#?.#
#.#.....l.........
#....!<@.gg.(....# ..
###..!g#g#..#.#... ...
######..##.#gg#.#..# #(
........†.....#.#..## #.
##.#.#..#..#......... #.
# #....).)...#..## #.
#.#.##..#....#..###.##.
..#.................#....
................#..#.#
##.


You could see a hobgoblin, 3 goblins and a frilled lizard.

Vanquished Creatures
  An ooze (D:1)
  A leopard gecko (D:1)
  10 goblins
  3 hobgoblins (D:1)
  A bat (D:1)
  A kobold (D:1)
  2 rats (D:1)
19 creatures vanquished.

Vanquished Creatures (others)
  A goblin (D:2)
1 creature vanquished.

Grand Total: 20 creatures vanquished

Notes
Turn   | Place    | Note
-------+----------+-------------------------------------------
     0 | D:1      | valeric the Draconian Venom Mage began the quest for the
                  | Orb.
     0 | D:1      | Reached XP level 1. HP: 14/14 MP: 3/3
   213 | D:1      | Reached XP level 2. HP: 17/20 MP: 1/5
   888 | D:2      | Noticed Robin
   912 | D:2      | Slain by a hobgoblin

Levels and vault maps discovered:
D:1:      dpeg_arrival_lava_temple_mockup, layout_rooms, serial_forest,
          infiniplex_forest_clump_tiny, infiniplex_forest_clump_tiny,
          infiniplex_forest_straight_2, infiniplex_forest_side_room,
          infiniplex_forest_side_room
D:2:      layout_basic, first_ration, amethyst_killhole, uniq_robin

Action                   || total
-------------------------++-------
Melee: Dagger            ||    34
       Tailslap          ||     3
 Cast: Sting             ||    19
Armor: Skin              ||    11
Dodge: Dodged            ||    32

Table legend:
 A = Non-vault XP
 B = Vault XP
 C = Vault XP percentage of total XP
 D = Non-vault monster count
 E = Vault monster count
 F = Vault count percentage of total count
                 A         B        C        D         E       F
            +---------+---------+-------+---------+---------+-------
      Total |      30 |       9 |  23.1 |      14 |       5 |  26.3
            +---------+---------+-------+---------+---------+-------
        D:1 |      30 |       0 |   0.0 |      14 |       0 |   0.0
        D:2 |       0 |       9 | 100.0 |       0 |       5 | 100.0
            +---------+---------+-------+---------+---------+-------
